 Dungeon Crawl Stone Soup version 0.30-a0-782-ge64f9170bb (webtiles) character file.

Game seed: 16207369114416139612

87 Leeroy the Insei (level 4, 0/28 HPs)
             Began as an Octopode Transmuter on Feb 22, 2023.
             Slain by an adder (1 damage)
             ... on level 1 of the Dungeon.
             The game lasted 00:01:28 (1364 turns).

Leeroy the Insei (Octopode Transmuter)              Turns: 1364, Time: 00:01:29

Health: 0/28       AC:  1    Str:  8 (9)  XL:     4   Next: 51%
Magic:  7/7        EV: 13    Int: 14 (17) God:
Gold:   122        SH:  0    Dex: 10 (12) Spells: 6/7 levels left

rFire   . . .      SeeInvis .      - Unarmed
rCold   . . .      Faith    .    (no shield)
rNeg    . . .      Spirit   .    (helmet restricted)
rPois   .          Reflect  .    (no amulet)
rElec   .          Harm     .    (no ring)
rCorr   .          Rampage  .    (no ring)
Will    .....                    (no ring)
Stlth   ++                       (no ring)
HPRegen 0.24/turn                (no ring)
MPRegen 0.10/turn                (no ring)
                                 (no ring)
                                 (no ring)

@: lethally poisoned (0 -> -1)
A: almost no armour, amphibious, 8 rings, camouflage 1, gelatinous body 1,
(nimble swimmer 1), tentacles
a: no special abilities


You were on level 1 of the Dungeon.
You visited 1 branch of the dungeon, and saw 2 of its levels.

You collected 122 gold pieces.

Inventory:

Missiles
 g - 5 atropa-tipped darts
Scrolls
 c - 2 scrolls of identify {unknown}
 e - a scroll of enchant armour {unknown}
Potions
 a - a potion of lignification
 b - a potion of invisibility {unknown}
 d - a potion of degeneration
 f - a potion of attraction {unknown}


   Skills:
 - Level 1.0 Fighting
 - Level 2.0 Dodging
 * Level 5.1 Unarmed Combat
 - Level 2.0 Spellcasting
 - Level 2.0 Transmutations


You had 6 spell levels left.
You knew the following spells:

 Your Spells              Type           Power      Damage    Failure   Level
a - Beastly Appendage     Tmut           14%        N/A       11%         1

Your spell library contained the following spells:

 Spells                   Type           Power      Damage    Failure   Level
 Wereblood                Tmut           7%         N/A       16%         2
 Spider Form              Tmut/Pois      4%         N/A       43%         3
 Dazzling Flash           Conj/Hex       2%         N/A       56%         3
 Ice Form                 Ice/Tmut       4%         N/A       83%         4
 Agony                    Necr           1%         N/A       100%        5
 Silence                  Hex/Air        0%         N/A       100%        5


Dungeon Overview and Level Annotations

Branches:
Dungeon (2/15)

Altars:


Innate Abilities, Weirdness & Mutations

You cannot wear most types of armour.
You are amphibious.
You can wear up to eight rings at the same time.
Your skin changes colour to match your surroundings (Stealth+).
Your rubbery body absorbs attacks. (AC +1, EV +1)
((You are camouflaged when in or above water. (Stealth+)))
You have tentacles for arms and can constrict up to eight enemies at once.


Message History

Things that are here:
a +0 club; 3 stones You barely miss the hobgoblin.
You grab the hobgoblin. You constrict the hobgoblin.
The goblin hits you with a +0 club. The hobgoblin hits you.
You tentacle-slap the hobgoblin.
You kill the hobgoblin!
The goblin closely misses you.
You closely miss the goblin. Your grab misses the goblin.
The goblin closely misses you.
You tentacle-slap the adder. Your grab misses the adder.
The adder is lightly wounded.
The goblin hits you with a +0 club. The adder barely misses you.
You miss the adder. Your grab misses the adder.
The adder is lightly wounded.
The goblin closely misses you. The orc hits you with a +0 war axe!
The adder bites you.
* * * LOW HITPOINT WARNING * * *
You are too injured to fight recklessly!
The orc attacks as you move away! The orc completely misses you.
The adder attacks as you move away! The adder barely misses you.
The adder attacks as you move away! The adder bites you.
* * * LOW HITPOINT WARNING * * *
You are lethally poisoned!
The adder poisons you!
* * * LOW HITPOINT WARNING * * *
You feel sick. The adder barely misses you.
There is a stone staircase leading up here.
* * * LOW HITPOINT WARNING * * *
You feel sick. The adder closely misses you.
You climb upwards.
* * * LOW HITPOINT WARNING * * *
You feel sick.
There is a stone staircase leading down here.
It was a potion of degeneration.
There was something very wrong with that liquid.
You feel weakened.
You feel dopey.
You feel clumsy.
* * * LOW HITPOINT WARNING * * *
You feel sick. The adder bites you.
You die...

######################
.....................#
####################[#
#.............#.#
#.###########.#.#
######.###########.#.#
.................S.#.#
................@###.#
######.###...........#
####.####.##########
#..............#
###.##.###..####.#
.......###.## #.#
###.##.....# #.#
.......##### #.#
##.####♣ #.#


You could see an adder.

Vanquished Creatures
  Terence (D:2)
  An adder (D:2)
  A worm (D:2)
  2 dart slugs (D:1)
  5 endoplasms
  2 giant cockroaches
  2 goblins (D:1)
  5 hobgoblins
  4 jackals (D:1)
  3 kobolds
  6 ball pythons
  5 bats
  4 frilled lizards
  3 rats
44 creatures vanquished.

Notes
Turn   | Place    | Note
-------+----------+-------------------------------------------
     0 | D:1      | Leeroy the Octopode Transmuter began the quest for the Orb.
     0 | D:1      | Reached XP level 1. HP: 13/13 MP: 3/3
    57 | D:1      | Reached XP level 2. HP: 10/18 MP: 5/5
   466 | D:1      | Reached skill level 4 in Unarmed Combat
   513 | D:1      | Reached XP level 3. HP: 23/23 MP: 4/6
  1275 | D:2      | Noticed Terence
  1284 | D:2      | Killed Terence
  1285 | D:2      | Reached skill level 5 in Unarmed Combat
  1285 | D:2      | Reached XP level 4. HP: 23/28 MP: 7/7
  1318 | D:2      | Identified the +6 sling "Gorysaac" {flame, rC+ rN+ rCorr}
  1364 | D:1      | HP: 1/28 [poisoned by an adder]
  1364 | D:1      | Slain by an adder

Illustrated notes

Levels and vault maps discovered:
D:1:      giann_forest_graveyard, layout_basic
D:2:      layout_rooms, serial_shops, nicolae_shop_behind_doors,
          hex_intersection, uniq_terence

Skill      XL: |  1  2  3 |
---------------+----------+-----
Unarmed Combat | 4 5 |  5.1
Fighting       | |  1.0
Dodging        | |  2.0
Spellcasting   | |  2.0
Transmutations | |  2.0

Action                     |  1- 3 |  4- 6 || total
---------------------------+-------+-------++-------
  Melee: Unarmed           |   102 |    13 ||   115
         Constrict         |    20 |     3 ||    23
         Tentacles         |    16 |     1 ||    17
         Punch             |     4 |       ||     4
         Kick              |     8 |       ||     8
   Cast: Beastly Appendage |    11 |       ||    11
    Use: Potion            |       |     1 ||     1
   Stab: Sleeping          |     6 |       ||     6
 Armour: Skin              |    14 |       ||    14
  Dodge: Dodged            |    70 |    14 ||    84

Table legend: (Time is in decaauts)
 A = Elapsed time spent in this place.
 B = Non-inter-level travel time spent in this place.
 C = Inter-level travel time spent in this place.
 D = Time resting spent in this place.
 E = Time spent auto-exploring this place.
 F = Levels seen in this place.
 G = Mean time per level.
                   A        B        C        D        E       F      G
               +--------+--------+--------+--------+--------+-----+--------+
         Total |   1355 |   1341 |     14 |      0 |   1055 |   2 |  677.5 |
       Dungeon |   1355 |   1341 |     14 |      0 |   1055 |   2 |  677.5 |
               +--------+--------+--------+--------+--------+-----+--------+

Top non-repeatable levels by time:
     D:1: 1012 daAuts
     D:2: 343 daAuts
